 Dungeon Crawl Stone Soup version 0.28.0-53-g5a82cb258f (webtiles) character file.

Game seed: 8985371036637349476

536 Plasmagod the Slasher (level 7, -1/52 HPs)
             Began as a Demonspawn Gladiator on July 28, 2022.
             Slain by a lemure (4 damage)
             ... led by Pikel
             ... on level 4 of the Dungeon.
             The game lasted 00:08:50 (4208 turns).

Plasmagod the Slasher (Demonspawn Gladiator)        Turns: 4208, Time: 00:08:51

Health: -1/52      AC: 19    Str: 17    XL:     7   Next: 4%
Magic:  7/7        EV:  6    Int:  9    God:
Gold:   186        SH:  0    Dex: 14    Spells: 6/6 levels left

rFire   . . .      SeeInvis .   a - +0 long sword
rCold   . . .      Faith    .   (no shield)
rNeg    . . .      Spirit   .   p - +0 plate armour
rPois   .          Reflect  .   c - +0 helmet
rElec   .          Harm     .   (no cloak)
rCorr   .          Rampage  .   (no gloves)
Will    .....                   f - +0 pair of boots
Stlth   ..........              (no amulet)
HPRegen 0.17/turn               (no ring)
MPRegen 0.10/turn               (no ring)

@: sanguine armoured
A: sanguine armour 1, condensation shield
a: no special abilities


You were on level 4 of the Dungeon.
You visited 1 branch of the dungeon, and saw 5 of its levels.

You collected 186 gold pieces.

Inventory:

Hand Weapons
 a - a +0 long sword (weapon)
Missiles
 d - 3 throwing nets
 e - a silver javelin (quivered)
Armour
 c - a +0 helmet (worn)
 f - a +0 pair of boots (worn)
 p - a +0 plate armour (worn)
Magical Staves
 l - a staff of conjuration
Jewellery
 o - a ring of protection from fire
Wands
 q - a wand of charming (10)
Scrolls
 g - a scroll of magic mapping {unknown}
 h - a scroll of holy word {unknown}
 j - a scroll of vulnerability {unknown}
 k - 2 scrolls of identify {unknown}
 n - a scroll of enchant weapon {unknown}
 r - a scroll of silence {unknown}
 s - a scroll of immolation {unknown}
Potions
 b - a potion of ambrosia {unknown}
 i - a potion of resistance {unknown}
 t - a potion of degeneration {unknown}


   Skills:
 + Level 3.3 Fighting
 + Level 4.7 Long Blades
 + Level 1.8 Throwing
 + Level 3.3 Armour
 + Level 4.0 Dodging
 + Level 0.3 Stealth
 + Level 1.0 Shields


You had 6 spell levels left.
You didn't know any spells.
Your spell library was empty.

Dungeon Overview and Level Annotations

Branches:
Dungeon (5/15)
 Temple: D:4-7

Altars:
Ashenzari
Ru

Annotations:
D:5 Pikel


Innate Abilities, Weirdness & Mutations

When seriously injured, your blood forms armour. (AC +6)
A meltable shield of frost defends you. (SH +0)


Message History

The lemure closely misses you. The lemure closely misses you.
You hit the lemure but do no damage.
The lemure is heavily wounded.
The lemure hits you but does no damage. x3
You closely miss the lemure.
The lemure is heavily wounded.
The lemure hits you.
* * * LOW HITPOINT WARNING * * *
The lemure hits you but does no damage. x2
You hit the lemure but do no damage.
The lemure is heavily wounded.
The lemure hits you but does no damage. x4
You barely miss the lemure.
The lemure is moderately wounded.
The lemure hits you but does no damage. x3
You closely miss the lemure.
The lemure is moderately wounded.
The lemure hits you but does no damage. x2; The lemure closely misses you.
The lemure hits you but does no damage.
You closely miss the lemure.
The lemure is moderately wounded.
The lemure closely misses you.
The lemure hits you but does no damage. x2
The lemure barely misses you.
You barely miss the lemure.
The lemure is moderately wounded.
The lemure hits you but does no damage. The lemure hits you!
* * * LOW HITPOINT WARNING * * *
The lemure hits you but does no damage.
You hit the lemure.
The lemure is heavily wounded.
The lemure hits you but does no damage. The lemure barely misses you.
The lemure hits you but does no damage. x2
You barely miss the lemure.
The lemure is heavily wounded.
The lemure hits you but does no damage. x3
You barely miss the lemure.
The lemure is heavily wounded.
The lemure hits you.
You die...

.........#...#.....#..........#..
.........#...#.....#..........#..
.........#...#.....#..........#..
.........#...#>....#..........#..
#....#####'###))...############..
#....##.##..#.....##....#......##
......#.....#.....#.....#......#
......#.....#..555#.....#......#
......#.....#...@.#.....#......#
#....###...##...<.#...###......#
#'######...#.....##...#.......##
...........'.....#....#.......#
...........#.....#....#.......#
...........#.....#....'.......#
############.....######.......#
####### #########


You could see 3 lemures.

Vanquished Creatures
  Grinder (D:4)
  A phantom (D:4)
  A hound (D:2)
  Natasha (thrice) (D:2)
  An orc wizard (D:4)
  7 adders
  A gnoll (D:1)
  2 worms
  2 dart slugs
  2 orcs
  4 ball pythons
  5 bats
  8 endoplasms
  3 giant cockroaches
  8 goblins
  3 hobgoblins
  4 kobolds
  3 quokkas
  8 frilled lizards
  4 rats
71 creatures vanquished.

Notes
Turn   | Place    | Note
-------+----------+-------------------------------------------
     0 | D:1      | Plasmagod the Demonspawn Gladiator began the quest for the
                  | Orb.
     0 | D:1      | Reached XP level 1. HP: 16/16 MP: 1/1
   120 | D:1      | Gained mutation: When seriously injured, your blood forms
                  | armour. (AC +6) [demonic ancestry]
   120 | D:1      | Reached XP level 2. HP: 22/22 MP: 2/2
   553 | D:1      | Reached XP level 3. HP: 27/27 MP: 3/3
   910 | D:2      | Reached XP level 4. HP: 20/34 MP: 4/4
  1060 | D:2      | Reached skill level 1 in Armour
  1181 | D:2      | Found a faded altar of an unknown god.
  1689 | D:2      | Found a broken altar of Ashenzari.
  1690 | D:2      | Noticed Natasha
  1700 | D:2      | Killed Natasha
  1701 | D:2      | Gained mutation: A meltable shield of frost defends you.
                  | (SH +0) [demonic ancestry]
  1701 | D:2      | Reached XP level 5. HP: 17/39 MP: 5/5
  1849 | D:2      | Noticed Natasha
  1855 | D:2      | Killed Natasha
  1881 | D:2      | Noticed Natasha
  1890 | D:2      | Killed Natasha
  3254 | D:4      | Noticed Grinder
  3263 | D:4      | Killed Grinder
  3264 | D:4      | Reached XP level 6. HP: 33/47 MP: 6/6
  4175 | D:5      | Entered Level 5 of the Dungeon
  4175 | D:5      | Found a sacrificial altar of Ru.
  4177 | D:5      | Noticed Pikel
  4193 | D:4      | Reached skill level 1 in Shields
  4193 | D:4      | Reached XP level 7. HP: 13/52 MP: 7/7
  4208 | D:4      | Slain by a lemure

Illustrated notes

Levels and vault maps discovered:
D:1:      lightli_arrival_chessboard, layout_rooms
D:2:      minmay_spotlight, layout_rooms, hellmonk_ecumenical_altar_lost_god,
          basic_altar, uniq_natasha
D:3:      layout_basic, serial_aquarium, aquarium_bridge_square
          [aquarium_subvault_wall, aquarium_subvault_bridge,
          aquarium_subvault_wall, aquarium_subvault_bridge],
          aquarium_bridge_long_joined [aquarium_subvault_bridge,
          aquarium_subvault_wall, aquarium_subvault_wall,
          aquarium_subvault_wall, aquarium_subvault_window,
          aquarium_subvault_wall], aquarium_window_corner, aquarium_window_2,
          aquarium_window_corner, aquarium_view_2a, aquarium_balcony_double_3,
          aquarium_pool_2
D:4:      kennysheep_spiral_hall, layout_gridville, uniq_grinder
D:5:      layout_rooms, nicolae_overflow_quartered_altars, trog_book,
          minmay_temple_entry_glassed_door, gup_sewer_entry_spiral, st_stairs_6,
          uniq_menkaure, uniq_pikel, uniq_blork_the_orc

Skill      XL: |  1  2  3  4  5  6 |
---------------+-------------------+-----
Dodging        | 3 4 |  4.0
Long Blades    | 3 4 |  4.7
Armour         | 1 2 3 |  3.3
Fighting       | 3 |  3.3
Shields        | 1 |  1.0
Throwing       | |  1.8
Stealth        | |  0.3

Action                   |  1- 3 |  4- 6 |  7- 9 || total
-------------------------+-------+-------+-------++-------
Melee: Long sword        |    68 |   174 |    11 ||   253
Throw: Javelin           |     1 |     2 |       ||     3
       Throwing net      |     1 |       |       ||     1
  Use: Potion            |       |     1 |     1 ||     2
Armor: Leather armour    |    24 |    23 |       ||    47
       Plate armour      |       |    76 |    27 ||   103
Dodge: Dodged            |    50 |    84 |     7 ||   141
Block: Other             |       |    17 |       ||    17
